Map: 2000 애트모스피어 - 래더

Players

Percival

  • Race: Terran Terran

DPGDark (Dark) - Winner!

  • Race: Zerg Zerg
  • League: Master

Event: DreamHack SC2 Masters Last Chance 2022

VOD

Have the link to the VOD?

Description

Time

  • Played on: Dec. 15, 2021, 4:50 a.m.
  • Length: 9:20

All games in this series

Show
View Real Time Build Order
Export as new Build Order

Percival Terran 

Build Orders: 1/1/1 

Get SALT Encoding   

  12  0:00  SCV  
  13  0:12  SCV  
  14  0:17  Supply Depot  
  14  0:24  SCV  
  15  0:39  SCV  
  15  0:40  Barracks  
  16  0:44  Refinery  
  16  0:51  SCV  
  16  0:52  Refinery  
  17  1:03  SCV  
  18  1:15  SCV  
  19  1:27  Marine, Orbital Command  
  19  1:30  Factory  
  20  1:45  Barracks Reactor  
  20  1:52  SCV  
  21  2:06  Command Center  
  21  2:09  SCV  
  21  2:15  Supply Depot  
  22  2:21  SCV  
  23  2:26  Starport  
  23  2:36  SCV, Marine  
  25  2:41  Widow Mine x2  
  29  2:49  SCV  
  29  2:50  Supply Depot  
  30  2:55  Marine  
  31  3:12  Widow Mine x2, Medivac, SCV  
  38  3:19  Orbital Command  
  38  3:24  SCV  
  39  3:29  Armory  
  39  3:36  SCV  
  39  3:37  Barracks Tech Lab  
  39  3:40  Hellion  
  42  3:44  Hellion  
  42  3:47  SCV  
  45  3:49  SCV  
  45  3:53  Supply Depot  
  46  3:59  SCV  
  46  4:01  SCV, Raven  
  50  4:08  Hellion  
  50  4:09  Hellion  
  54  4:13  Supply Depot  
  54  4:15  SCV  
  54  4:16  SCV  
  56  4:20  Supply Depot  
  56  4:27  SCV  
  57  4:33  SCV  
  54  4:39  SCV  
  54  4:41  Command Center  
  53  4:51  Barracks  
  53  4:52  Stimpack, Starport Reactor  
  51  4:53  Marine  
  51  4:56  Barracks  
  51  4:57  SCV x2  
  51  4:58  Factory Tech Lab  
  52  5:09  SCV x2  
  52  5:11  Marine  
  55  5:21  SCV x2  
  48  5:24  Engineering Bay  
  48  5:25  Refinery x2, Engineering Bay  
  48  5:27  Siege Tank  
  49  5:28  Marine  
  49  5:31  Barracks  
  49  5:33  Barracks  
  49  5:35  Starport Reactor  
  50  5:36  SCV  
  50  5:39  Marine  
  50  5:40  Marine  
  53  5:45  SCV  
  53  5:46  Marine  
  53  5:48  SCV  
  56  5:50  Marine  
  56  5:51  Marine  
  56  5:55  Terran Infantry Weapons Level 1, Terran Infantry Armor Level 1  
  58  5:59  Orbital Command  
  58  6:01  Marine x2  
  61  6:06  Siege Tank  
  61  6:07  SCV  
  61  6:09  Marine x3  
  67  6:12  SCV  
  67  6:15  Medivac  
  67  6:17  Medivac  
  72  6:20  Marine x2  
  72  6:21  Barracks Reactor, Orbital Command  
  74  6:26  Barracks Reactor  
  74  6:31  Supply Depot x2  
  74  6:33  SCV  
  74  6:34  Marine x3  
  74  6:37  Combat Shield  
  74  6:38  Marine x2  
  80  6:52  Marine x3  
  79  6:56  Marine x2  
  79  6:58  Siege Tank, Marine x2  
  85  7:02  Marine x2  
  85  7:07  Medivac  
  85  7:08  Medivac  
  91  7:09  Marine  
  91  7:10  Marine x2  
  91  7:14  Marine x2  
  95  7:16  Marine x2  
  95  7:21  Marine x2  
  99  7:27  Marine x3  
  102  7:30  Siege Tank  
  102  7:31  Supply Depot  
  102  7:32  Supply Depot  
  102  7:33  Supply Depot, Marine  
  102  7:37  Marine x3  
  106  7:39  Marine  
  106  7:43  Marine  
  108  7:45  Marine  
  109  7:52  Liberator, Marine  
  109  7:53  Marine  
  109  7:54  Marine x2  
  109  7:55  Marine  
  109  7:57  Marine  
  117  8:05  Marine x3, Orbital Command  
  109  8:08  Siege Tank  
  109  8:09  Liberator, Marine  
  109  8:10  Marine  
  109  8:12  Marine x2  
  114  8:21  Marine  
  114  8:22  Marine  
  114  8:23  Marine  
  114  8:24  Marine x2  
  115  8:27  SCV x2, Marine  
  118  8:37  Marine x3  
  118  8:39  Marine x2  
  123  8:41  Siege Tank  
  123  8:46  Marauder  
  112  8:49  Marine  
  112  8:50  Marine  
  112  8:53  Marine  
  97  8:59  Marine x2  
  97  9:01  Marine  
Show
View Real Time Build Order
Export as new Build Order

DPGDark Zerg - Winner!

Build Orders: Hatch First 

Get SALT Encoding   

  12  0:00  Drone  
  13  0:12  Overlord  
  13  0:16  Drone  
  14  0:30  Drone  
  14  0:31  Drone  
  16  0:47  Hatchery  
  15  0:51  Drone  
  15  0:54  Drone  
  17  0:58  Drone  
  18  1:09  Extractor  
  17  1:14  Spawning Pool  
  17  1:17  Drone  
  17  1:21  Drone  
  18  1:28  Drone  
  19  1:40  Drone  
  20  1:50  Drone  
  21  2:03  Drone, Queen x2  
  21  2:04  Drone  
  27  2:14  Metabolic Boost  
  27  2:17  Overlord  
  27  2:21  Drone  
  28  2:37  Zergling x4  
  30  2:38  Drone x2  
  30  2:39  Queen  
  30  2:41  Queen  
  36  2:46  Overlord  
  36  3:06  Zergling x4  
  36  3:07  Drone x2  
  36  3:09  Hatchery  
  39  3:14  Spine Crawler  
  39  3:17  Queen  
  40  3:21  Drone x3  
  40  3:25  Zergling x2  
  44  3:31  Overlord x2  
  44  3:41  Evolution Chamber  
  44  3:43  Drone  
  44  3:46  Overlord  
  44  3:50  Drone x3  
  44  3:51  Drone  
  44  3:52  Zergling x2  
  44  3:53  Zergling x4  
  51  3:58  Zergling x4  
  51  4:00  Drone  
  54  4:04  Zergling x2  
  54  4:07  Zerg Melee Weapons Level 1  
  54  4:09  Zergling x2  
  56  4:14  Zergling x2  
  56  4:17  Spore Crawler  
  55  4:20  Drone x2  
  55  4:22  Drone  
  55  4:23  Drone  
  55  4:24  Queen  
  59  4:28  Zergling x2  
  62  4:37  Drone x2  
  62  4:38  Drone x3  
  63  4:43  Drone x2  
  65  4:46  Queen  
  65  4:51  Spore Crawler  
  66  4:53  Drone x2  
  68  5:00  Spore Crawler  
  68  5:03  Queen  
  68  5:04  Queen  
  68  5:20  Drone x11  
  72  5:27  Drone  
  72  5:28  Extractor  
  71  5:31  Drone x2  
  71  5:33  Zergling x2  
  71  5:35  Overlord  
  74  5:38  Overlord  
  74  5:40  Overlord  
  74  5:43  Overlord  
  74  5:50  Overlord  
  74  5:51  Overlord  
  74  5:54  Zergling x12  
  80  5:59  Hatchery  
  80  6:01  Drone, Zerg Ground Armor Level 1  
  80  6:03  Zergling x6  
  83  6:05  Zergling x4  
  83  6:11  Drone  
  86  6:12  Hatchery  
  86  6:15  Baneling Nest  
  86  6:17  Zergling x6  
  86  6:18  Zergling x4  
  89  6:21  Zergling x4  
  89  6:22  Zergling x2  
  89  6:23  Zergling x2  
  92  6:28  Zergling x2  
  92  6:32  Zergling x8  
  97  6:33  Lair  
  97  6:35  Zergling x2, Extractor  
  97  6:37  Extractor  
  97  6:38  Zergling x2  
  97  6:40  Zergling x2  
  85  6:56  Drone x7  
  85  6:57  Drone  
  85  7:01  Drone x3  
  92  7:09  Zergling x6  
  92  7:10  Hatchery  
  92  7:12  Evolution Chamber  
  92  7:13  Zergling x2  
  92  7:14  Zergling x2  
  94  7:15  Zergling x4  
  94  7:16  Zergling x2  
  94  7:22  Zergling x6  
  100  7:26  Zergling x6  
  103  7:30  Zergling x6  
  103  7:31  Centrifugal Hooks  
  103  7:36  Baneling x2  
  105  7:38  Baneling  
  105  7:41  Baneling x7  
  105  7:42  Zergling x16  
  113  7:44  Zergling x4  
  113  7:47  Zergling x10  
  119  7:55  Zergling x6  
  102  8:06  Zergling x20  
  102  8:08  Baneling x3  
  102  8:09  Baneling x2  
  111  8:14  Zergling x10  
  111  8:17  Zergling x6  
  114  8:21  Zergling x2  
  114  8:24  Queen x2  
  118  8:28  Zergling x16  
  118  8:30  Baneling x2  
  118  8:31  Baneling x5  
  118  8:33  Zergling x2  
  118  8:34  Zergling x4  
  129  8:38  Zergling x4  
  129  8:43  Zergling x2  
  129  8:44  Zergling x2  
  117  8:49  Zergling x12  
  117  8:53  Zergling x6  
  117  8:54  Baneling x4  
  117  8:55  Baneling x6  
  121  8:57  Zergling x2  
  121  9:02  Zergling x8  
  120  9:03  Baneling  

Tags
 
Add a new tag
Caveats
  • Supply blocks, unpowered buildings, or Contaminate may cause inaccurate times.
  • Supply counts are checked every 10 seconds.